Caffeine, chaotic male elven Priest ----------- ----- --------- |........>| ##(...| |.......| ##..........| # |...| ##.......<| # |.........| ---------------### |...| # -------.- ### -|--------- |))!%.![(*!%%[|# |...| ### # # # |**?)!*)!%?)*.|# |...| # # # # |![!/)!.*!"%@.|# --.-- # # # ### |[=m@(/%[)([!.+# # # ###############`# --------------- # # # ## # -|-|---- # # -|--.-------# |......| # # |....>.....|# |*.....| ## # |..........|# |......| ---.-# -.-.-# |..........-# -------- |....# |...-# |..........| |...|#######....|## |..........| |.... |...-# ------------ |...| |.).| ----- ----- Caffeine the Aspirant Experience level: 2 Strength: 13 Dexterity: 12 Constitution: 16 Intelligence: 8 Wisdom: 18 Charisma: 9 Health: 0(21) Energy: 14(14) Def: 4 Gold: 0 Moves: 1148 Dungeon seed: dYwf4V-UyjIDeVQp Game ID: Caffeine_1614860272 Your Inventory: Weapons a - a blessed corroded +1 mace (weapon in hand) m - 2 +0 orcish daggers Armor e - a +0 robe (being worn) n - a +0 small shield (being worn) y - a +0 orcish helm (being worn) Comestibles c - a clove of garlic d - a sprig of wolfsbane l - 3 food rations t - 2 tripe rations Scrolls i - a scroll of stinking cloud j - a cursed scroll of identify Spellbooks f - a spellbook of detect unseen g - a spellbook of remove curse Potions b - 4 potions of holy water Rings k - a ring of stealth (on left hand) Tools h - a leather drum Gems r - 2 worthless pieces of black glass Spells and supernatural/magical abilities: Name Level Category Fail Memory r - remove curse 3 clerical 11% 95% U - detect unseen 3 divination 88% 95% W - pray for help -- divine ? -- X - turn undead -- divine ? -- Your skills at the end: Fighting Skills Weapon Skills mace [Basic] Spellcasting Skills clerical spells [Basic] Final Attributes: You were piously aligned. You had infravision. You were stealthy. You are dead. Vanquished creatures: a shrieker a hobbit a green mold a red mold 2 geckos 2 jackals a fox a kobold a goblin 3 lichens 4 newts 18 creatures vanquished. Voluntary challenges: You used a wielded weapon 19 times, starting on turn 147. You read items or engraved 1 time, starting on turn 618. You never genocided any monsters. You never polymorphed an object. You never changed form. You used no wishes. You never split a pudding. You never wrote Elbereth's name. You never violated your personal moral code. Dungeon overview: The Dungeons of Doom: levels 1 to 3 Level 1 a sink a long staircase Level 2 a fountain Level 3 <- You were here a general store a long staircase History has recorded: On T:1 you entered the Dungeons of Doom to retrieve the Amulet of Yendor! On T:376 you reached level 2 of The Dungeons of Doom. On T:550 you advanced to experience level 2. On T:797 you reached level 3 of The Dungeons of Doom. Score breakdown: Gold: 0 ( 0 points) Experience: 2 levels ( 5570 points) Exploration: 3 levels ( 6.52%) ( 6324 points) Discoveries: 4 items ( 1.40%) ( 3547 points) Valuables value: (no points given unless you survive) Artifact value: 0 ( 0 points) Variety of kills: 11 monsters ( 2.89%) ( 5097 points) Turncount: 1148 turns ( 0 points) Survival: died (score multiplied by 80%) Total score: 16430 Latest messages: You miss the small mimic. You hear some noises in the distance. The small mimic bumps right into you! You miss the small mimic. (4x) The small mimic hits! You hit the small mimic. You miss the small mimic. You hit the small mimic. You miss the small mimic. The small mimic hits! You begin praying to Anshar. You are surrounded by a shimmering light. You feel that Anshar is well-pleased. You feel much better. You miss the small mimic. The small mimic hits! You miss the small mimic. You hit the small mimic! (2x) You miss the small mimic. The small mimic hits! You hit the small mimic! You miss the small mimic. (3x) The small mimic hits! You die... Kabalebo comes and takes all your possessions. Final status: Goodbye Caffeine the Priest, killed by a small mimic... You died in The Dungeons of Doom on dungeon level 3 with 16430 points, and 0 pieces of gold, after 1148 moves. You were level 2 with a maximum of 21 hit points when you died.